 Dungeon Crawl Stone Soup version 0.23-a0-448-g1c01f63 (webtiles) character file.

35513 Kuinu the Warrior (level 13, 0/192 HPs)
             Began as a Minotaur Fighter on Nov 19, 2018.
             Was a High Priest of Trog.
             Slain by a death yak (17 damage)
             ... on level 4 of the Lair of Beasts.
             The game lasted 00:43:04 (12734 turns).

Kuinu the Warrior (Minotaur Fighter)               Turns: 12734, Time: 00:43:05

Health: 0/192      AC: 22    Str: 30    XL:     13   Next: 48%
Magic:  12/12      EV:  8    Int:  6    God:    Trog [*****.]
Gold:   457        SH: 17    Dex: 13    Spells: 12/12 levels left

rFire    . . .     SeeInvis +   R - +0 hand axe of the Disturbing Orbs {speed, rPois}
rCold    + . .     Gourm    .   c - +0 shield
rNeg     + . .     Faith    .   J - +1 plate armour
rPois    +         Spirit   .   r - +0 hat {MR+}
rElec    .         Reflect  +   N - +1 cloak {rPois}
rCorr    .         Harm     .   W - +0 pair of gloves
MR       ++...                  D - +0 pair of boots
Stlth    ..........             G - +3 amulet of reflection
HPRegen  0.42/turn              P - ring of Kankodats {rC+ rN+ MR+}
MPRegen  0.13/turn              F - ring of the Octopus King {AC+1 EV+1 Str+1 Int+1 Dex+1 SInv}

@: berserking, very quick
A: retaliatory headbutt, horns 2
a: Berserk, Trog's Hand, Brothers in Arms, Renounce Religion


You were on level 4 of the Lair of Beasts.
You worshipped Trog.
Trog was extremely pleased with you.
You were very hungry.

You visited 3 branches of the dungeon, and saw 17 of its levels.
You also visited: Labyrinth.

You collected 839 gold pieces.
You spent 382 gold pieces at shops.

Inventory:

Hand Weapons
 v - the +8 spear "Beast's Undoing" {elec, Dex+4}
   (You took it off a minotaur in a labyrinth)

   Occasionally, upon striking a foe, it will discharge some electrical energy
   and cause terrible harm.
   It affects your dexterity (+4).
 I - the +5 hunting sling of Beogh's Displeasure {freeze, *Corrode +Inv rElec Int-2}
   (You found it on level 6 of the Dungeon)

   It causes projectiles fired from it to freeze those they strike, causing
   extra injury to most foes and up to half again as much damage against
   particularly susceptible opponents.
   They can also slow down cold-blooded creatures.
   It affects your intelligence (-2).
   It insulates you from electricity.
   It lets you turn invisible.
   It may corrode you when you take damage.
 R - the +0 hand axe of the Disturbing Orbs (weapon) {speed, rPois}
   (You bought it in a shop on level 10 of the Dungeon)

   Attacks with this weapon are significantly faster.
   It protects you from poison.
 T - the +7 glaive "Sismah" {chop, rC+ Str-4 Int+9 Dex-4}
   (You found it on level 11 of the Dungeon)

   It inflicts extra damage upon your enemies.
   It affects your strength (-4).
   It affects your intelligence (+9).
   It affects your dexterity (-4).
   It protects you from cold.
 Z - a +2 war axe of chopping
Armour
 c - a +0 shield (worn)
 n - the +5 scale mail of Ogezed {MR++ Int+3}
   (You took it off a minotaur in a labyrinth)

   It affects your intelligence (+3).
   It affects your resistance to hostile enchantments.
 r - a +0 hat of magic resistance (worn)
 D - a +0 pair of boots (worn)
 J - a +1 plate armour (worn)
 N - a +1 cloak of poison resistance (worn)
 W - a +0 pair of gloves (worn)
 Y - a +2 chain mail of poison resistance
Jewellery
 s - an uncursed amulet of guardian spirit
 A - the ring "Entues" {rF+ Str+6}
   (You found it on level 8 of the Dungeon)

   [ring of protection from fire]

   It affects your strength (+6).
   It protects you from fire.
 F - a ring of the Octopus King (right hand) {AC+1 EV+1 Str+1 Int+1 Dex+1 SInv}
   (You bought it in a shop on level 5 of the Dungeon)

   [ring of see invisible]

   It affects your AC (+1).
   It affects your evasion (+1).
   It affects your strength (+1).
   It affects your intelligence (+1).
   It affects your dexterity (+1).
   It lets you see invisible.
 G - a +3 amulet of reflection (around neck)
 L - an uncursed ring of protection from cold
 P - the ring of Kankodats (left hand) {rC+ rN+ MR+}
   (You found it on level 3 of the Lair of Beasts)

   [ring of protection from magic]

   It protects you from cold.
   It protects you from negative energy.
   It affects your resistance to hostile enchantments.
Wands
 d - a wand of enslavement (3)
 j - a wand of polymorph (9)
 y - a wand of acid (13)
 O - a wand of iceblast (8)
 Q - a wand of paralysis (11)
 X - a wand of flame (17)
Scrolls
 e - 3 scrolls of magic mapping
 g - 4 scrolls of enchant weapon
 k - 3 scrolls of remove curse
 l - 3 scrolls of enchant armour
 m - 3 scrolls of blinking
 o - 11 scrolls of teleportation
 q - 2 scrolls of fear
 t - a scroll of amnesia {unknown}
 C - 4 scrolls of fog
 E - 2 scrolls of immolation
 K - a scroll of identify
 M - a scroll of vulnerability {unknown}
 U - a scroll of noise {unknown}
Potions
 a - 2 potions of cancellation {unknown}
 b - a potion of haste
 h - 2 potions of mutation
 i - 3 potions of flight
 p - 6 potions of brilliance
 w - a potion of magic
 x - 3 potions of agility
 z - 2 potions of berserk rage
 B - 5 potions of curing
 H - 2 potions of heal wounds
 S - a potion of might
 V - a potion of invisibility {unknown}
Comestibles
 f - 25 rations


   Skills:
 * Level 15.7 Fighting
 * Level 15.5 Axes
 + Level 11.8 Armour
 + Level 11.9 Shields


You had 12 spell levels left.
You didn't know any spells.
Your spell library contained the following spells:

 Spells                   Type           Power        Failure   Level  Hunger
 Shock                    Conj/Air       #...         99%         1    ##.....
 Swiftness                Chrm/Air       #.......     100%        2    ###....
 Static Discharge         Conj/Air       #.......     100%        3    ####...
 Airstrike                Air            #.........   100%        4    #####..
 Lightning Bolt           Conj/Air       #.........   100%        5    ######.


Dungeon Overview and Level Annotations

Branches:
Dungeon (12/15)            Temple (1/1) D:7            Lair (4/6) D:10
 Shoals (0/4) Lair:3          Orc (0/2) D:9
  Snake: Lair:2-4    Spider: Lair:2-4

Altars:
Ashenzari
Cheibriados
Dithmenos
Elyvilon
Kikubaaqudgha
Nemelex Xobeh
Sif Muna
Trog
Uskayaw
Yredelemnul

Shops:
D:5 !*([[   D:7 [:!   D:8 }   D:9 :   D:10 *

Annotations:
Lair:4 1 runed door, Gamo's ghost, journeyman NaWz


Innate Abilities, Weirdness & Mutations

You reflexively headbutt those who attack you in melee.
You have a pair of horns on your head.


Message History

* * * LOW HITPOINT WARNING * * *
You block the death yak's attack. The komodo dragon closely misses you.
You hit the komodo dragon but do no damage.
The komodo dragon is severely wounded.
You slash the death yak! The death yak barely misses you.
Unknown command.
You slash the komodo dragon! You headbutt the komodo dragon.
You kill the komodo dragon!
Trog accepts your kill.
You hit the death yak. You slash the death yak! You slash the death yak!
The death yak is almost dead.
You hit the death yak but do no damage. You slash the death yak!
You feel the power of Trog in you as your rage grows.
You kill the death yak!
Trog accepts your kill.
You hit the death yak. The death yak gores you!
You die...

#....).. ##......?
#......<. #......#
##......# ### #.......##
### #.##
#.....†.####.########..
#....†.Y.#P#.P##.#....=
#.....@................
........[............[..
...........########.....
##.........#W..W$#####..
##........+≈≈≈≈[# ##.
#...>....#..[..# ##
##.....######### ##.....
#....


You could see a death yak and Gamo's ghost.

Vanquished Creatures
  Gastronok (Lair:2)
  A minotaur (Lab)
  Harold (D:11)
  2 hydras
  Erica (Lair:2)
  A two-headed ogre (D:10)
  A tengu warrior (D:12)
  2 death yaks (Lair:4)
  Pikel (D:4)
  A cyclops (D:12)
  4 ugly things (D:12)
  A manticore (D:11)
  2 centaur zombies
  2 black mambas (Lair:2)
  Maurice (D:8)
  A gargoyle (D:11)
  A kobold demonologist (D:11)
  5 spiny frogs
  A rime drake (Lair:2)
  6 komodo dragons
  A polar bear (Lair:3)
  3 trolls
  2 hornets
  10 blink frogs
  6 hippogriffs
  2 redbacks (Lab)
  A wraith (D:11)
  Sigmund (D:2)
  2 basilisks (Lair:3)
  32 yaks
  3 vampire mosquitoes (D:12)
  3 water moccasins
  11 porcupines
  6 orc warriors
  4 sky beasts
  A swamp drake (D:9)
  2 slaves (D:4)
  2 black bears
  3 phantoms
  2 ogres
  10 wolves (Lair:3)
  4 crocodiles
  7 centaurs
  20 big kobolds (D:11)
  9 bullfrogs
  2 wyvern zombies
  A water moccasin zombie (D:6)
  A water moccasin skeleton (D:7)
  A scorpion (D:6)
  A wyvern skeleton (D:10)
  17 killer bees
  12 howler monkeys
  6 crimson imps
  A bullfrog zombie (D:5)
  4 hounds
  6 orc wizards
  2 quasits
  4 jellies
  2 bullfrog skeletons
  5 orc priests
  Crazy Yiuf (D:3)
  2 centaur skeletons
  2 iguanas
  Jessica (D:3)
  Natasha (twice) (D:4)
  11 worker ants
  A killer bee zombie (D:8)
  Robin (D:3)
  15 adders
  2 shadow imps
  3 oozes
  An adder skeleton (D:5)
  2 adder zombies
  A worm (D:3)
  3 dart slugs
  4 leopard geckos
  39 orcs
  4 bats
  7 giant cockroaches
  12 goblins
  10 hobgoblins
  13 jackals
  17 kobolds
  9 quokkas
  2 ball pythons
  5 frilled lizards
  4 rats
  A fungus (Lair:3)
423 creatures vanquished.

Vanquished Creatures (others)
  A wolf (Lair:3)
  Natasha (D:4)
  An ooze (D:4)
  2 worms (D:4)
  A leopard gecko (D:4)
  2 orcs (D:4)
  A frilled lizard (D:4)
  6 fungi
  28 plants
43 creatures vanquished.

Grand Total: 466 creatures vanquished

Notes
Turn   | Place    | Note
-------+----------+-------------------------------------------
     0 | D:1      | Kuinu the Minotaur Fighter began the quest for the Orb.
     0 | D:1      | Reached XP level 1. HP: 19/19 MP: 0/0
   183 | D:1      | Reached XP level 2. HP: 27/27 MP: 1/1
   406 | D:1      | Reached XP level 3. HP: 33/33 MP: 2/2
   986 | D:2      | Noticed Sigmund
  1006 | D:2      | Killed Sigmund
  1006 | D:2      | Reached skill level 5 in Fighting
  1006 | D:2      | Reached XP level 4. HP: 32/42 MP: 3/3
  1006 | D:2      | Reached XP level 5. HP: 37/48 MP: 4/4
  1508 | D:3      | Noticed Robin
  1516 | D:3      | Killed Robin
  1617 | D:3      | Reached XP level 6. HP: 50/56 MP: 5/5
  1689 | D:3      | Noticed Jessica
  1694 | D:3      | Killed Jessica
  1786 | D:3      | Reached skill level 5 in Axes
  1815 | D:3      | Found a runed door.
  2161 | D:3      | Noticed Crazy Yiuf
  2166 | D:3      | Killed Crazy Yiuf
  2249 | D:4      | Noticed a slave
  2249 | D:4      | Noticed a slave
  2250 | D:4      | Noticed Pikel
  2250 | D:4      | Noticed a slave
  2251 | D:4      | Noticed a slave
  2275 | D:4      | Killed a slave
  2276 | D:4      | Killed a slave
  2293 | D:4      | Killed Pikel
  2293 | D:4      | Reached skill level 5 in Armour
  2293 | D:4      | Reached skill level 5 in Shields
  2293 | D:4      | Reached XP level 7. HP: 32/64 MP: 3/6
  2360 | D:4      | Killed Natasha
  2361 | D:4      | Noticed Natasha
  2394 | D:4      | Killed Natasha
  2427 | D:4      | Noticed Natasha
  2454 | D:4      | Killed Natasha
  2751 | D:4      | Reached XP level 8. HP: 4/73 MP: 0/7
  3476 | D:5      | Entered Level 5 of the Dungeon
  3532 | D:5      | Found Bajecw's Antique Armour Boutique.
  3831 | D:5      | Found Siashrof's Antique Armour Emporium.
  3911 | D:5      | Found Bethoaga's Antique Weapon Boutique.
  3995 | D:5      | Found Butadeasm's Distillery.
  4103 | D:5      | Found an ancient bone altar of Kikubaaqudgha.
  4176 | D:5      | Found a snail-covered altar of Cheibriados.
  4178 | D:5      | Found a basalt altar of Yredelemnul.
  4204 | D:5      | Found Gijudaff's Assorted Antiques.
  4207 | D:5      | Bought a ring of the Octopus King for 150 gold pieces
  4207 | D:5      | Found the ring of the Octopus King
  4208 | D:5      | Identified a ring of the Octopus King {AC+1 EV+1 Str+1
                  | Int+1 Dex+1 SInv} (You bought it in a shop on level 5 of
                  | the Dungeon)
  4678 | D:6      | Reached XP level 9. HP: 67/82 MP: 6/8
  4798 | D:6      | Got a pitted hunting sling
  5045 | D:7      | Found Guuk's Antique Armour Emporium.
  5118 | D:7      | Reached skill level 10 in Fighting
  5120 | D:7      | Found Lose's Distillery.
  5283 | D:7      | Found Liedo's Book Shoppe.
  5306 | D:7      | Found a staircase to the Ecumenical Temple.
  5314 | D:7      | Reached skill level 10 in Axes
  5324 | Temple   | Entered the Ecumenical Temple
  5365 | Temple   | Became a worshipper of Trog the Wrathful
  5397 | D:7      | Got a polished ring mail
  5756 | D:8      | Noticed Maurice
  5780 | D:8      | Killed Maurice
  5780 | D:8      | Reached XP level 10. HP: 94/94 MP: 9/9
  5797 | D:8      | Identified the +3 ring mail of Acleost {rF++ MR- SInv} (You
                  | found it on level 7 of the Dungeon)
  6107 | D:8      | Found Zidat's Gadget Boutique.
  6170 | D:8      | Got a fine golden ring
  6353 | D:8      | Identified the ring "Entues" {rF+ Str+6} (You found it on
                  | level 8 of the Dungeon)
  6596 | D:9      | Reached * piety under Trog
  6931 | D:9      | Found a staircase to the Orcish Mines.
  7047 | D:9      | Found Cethofuj's Book Boutique.
  7166 | D:10     | Entered Level 10 of the Dungeon
  7215 | D:10     | Found Cula Cobu's Assorted Antiques.
  7223 | D:10     | Bought a sapphire hand axe for 232 gold pieces
  7223 | D:10     | Identified the cursed +0 hand axe of the Disturbing Orbs
                  | {speed, rPois} (You bought it in a shop on level 10 of the
                  | Dungeon)
  7267 | D:10     | Reached ** piety under Trog
  7338 | D:10     | Found a staircase to the Lair.
  7506 | D:10     | Noticed a two-headed ogre
  7516 | D:10     | Killed a two-headed ogre
  7813 | D:11     | Reached XP level 11. HP: 104/104 MP: 10/10
  7838 | D:11     | Got a brightly glowing glaive
  7905 | D:11     | Noticed Harold
  7934 | D:11     | Killed Harold
  8047 | D:11     | Identified the +5 hunting sling of Beogh's Displeasure
                  | {freeze, *Corrode +Inv rElec Int-2} (You found it on level
                  | 6 of the Dungeon)
  8048 | D:11     | Identified the +7 glaive "Sismah" {chop, rC+ Str-4 Int+9
                  | Dex-4} (You found it on level 11 of the Dungeon)
  8149 | D:11     | Reached *** piety under Trog
  8499 | D:12     | Noticed a brown ugly thing
  8516 | D:12     | Reached skill level 10 in Shields
  8524 | D:12     | Killed a brown ugly thing
  8582 | D:12     | Noticed a brown ugly thing
  8602 | D:12     | Killed a brown ugly thing
  8602 | D:12     | Reached skill level 10 in Armour
  8732 | D:12     | Noticed a tengu warrior
  8747 | D:12     | Killed a tengu warrior
  8794 | D:12     | Found a shadowy altar of Dithmenos.
  8920 | D:12     | Noticed a green ugly thing
  8934 | D:12     | Killed a green ugly thing
  8934 | D:12     | Reached **** piety under Trog
  8945 | D:12     | Noticed a brown ugly thing
  8980 | D:12     | Killed a brown ugly thing
  8980 | D:12     | Reached XP level 12. HP: 35/115 MP: 7/11
  9841 | Lair:1   | Entered Level 1 of the Lair of Beasts
 10434 | Lair:2   | Noticed Gastronok
 10448 | Lair:2   | Killed Gastronok
 10670 | Lair:2   | Noticed Erica
 10678 | Lair:2   | Killed Erica
 11084 | Lair:2   | Noticed a five-headed hydra
 11089 | Lair:2   | Killed an eight-headed hydra
 11098 | Lair:2   | Got a polished shortbow
 11354 | Lair:3   | Got a coiled lapis lazuli ring
 11383 | Lair:3   | Identified the ring of Kankodats {rC+ rN+ MR+} (You found
                  | it on level 3 of the Lair of Beasts)
 11384 | Lair:3   | Identified the cursed +1 shortbow of Prudence {venom, rPois
                  | rF+} (You found it on level 2 of the Lair of Beasts)
 11449 | Lair:3   | Reached XP level 13. HP: 106/125 MP: 12/12
 11453 | Lair:3   | Found a labyrinth entrance.
 11462 | Lab      | Entered a labyrinth
 11656 | Lab      | Reached skill level 15 in Fighting
 11791 | Lab      | Identified the +8 spear "Beast's Undoing" {elec, Dex+4}
 11791 | Lab      | Identified the +5 scale mail of Ogezed {MR++ Int+3}
 11791 | Lab      | Noticed a minotaur
 11805 | Lab      | Killed a minotaur
 11920 | Lair:3   | Reached skill level 15 in Axes
 11955 | Lair:3   | Found a staircase to the Shoals.
 11964 | Lair:3   | Reached ***** piety under Trog
 12684 | Lair:4   | Found a runed door.
 12684 | Lair:4   | Noticed Gamo's ghost (journeyman NaWz)
 12734 | Lair:4   | Slain by a death yak

Vault maps used:
D:1:      scummos_arrival_forest
D:2:      dk_noncrumbling_3, minmay_tetromino_l4, uniq_sigmund
D:3:      lemuel_old_faithful, uniq_crazy_yiuf_cottage, uniq_jessica, uniq_robin
D:4:      first_ration, st_stairs_11, uniq_natasha, uniq_pikel
D:5:      nicolae_overflow_hidden_temple, serial_shops, shop,
          nicolae_shop_behind_doors, shop, kennysheep_mini_moat, shop
D:6:      dk_vineyard_3
D:7:      minmay_temple_entry_wispy, serial_shops, shop_fountains,
          nicolae_shop_temple_entry_statues_fountains, shop
D:8:      serial_shops, shop, uniq_maurice
D:9:      erik_orc_1, serial_shops, shop
D:10:     lair_entry_dummy, serial_shops, nicolae_shop_trees
D:11:     special_room, uniq_harold
D:12:     basic_altar, grunt_tengu_nest
Temple:   hc_temple_tempest_star
Lair:1:   grunt_megastairs_1
Lair:2:   cheibrodos_lair_river_kwai, uniq_gastronok, uniq_erica
Lair:3:   minmay_shoals_entry_centaurs, lab_entry_generic, minivault_27
Lair:4:   minmay_snake_entry_guardpost_medium, ebering_ghost_reflecting_pool,
          eino_small_chamber_without_monster, grunt_megastairs_4,
          lemuel_fruit_tree
Lab:      labyrinth_spiral, nicolae_lab_plus, labyrinth_glass_1,
          nicolae_lab_grate, nicolae_lab_hexagon

Skill      XL: |  1  2  3  4  5  6  7  8  9 10 11 12 13 |
---------------+----------------------------------------+-----
Fighting       | 4 5 6 7 8 10 12 13 14 15 | 15.7
Axes           | 3 4 6 8 10 11 13 14 15 | 15.5
Shields        | 4 5 6 8 9 10 11 | 11.9
Armour         | 4 5 6 7 9 10 11 | 11.8

Action                   |  1- 3 |  4- 6 |  7- 9 | 10-12 | 13-15 || total
-------------------------+-------+-------+-------+-------+-------++-------
Melee: War axe           |    83 |    89 |   329 |   125 |       ||   626
       Headbutt          |    10 |    11 |    69 |   241 |    73 ||   404
       Hand axe          |       |       |       |   709 |   222 ||   931
Invok: Berserk           |       |       |       |     2 |     2 ||     4
 Abil: Evoke Berserk Rag |     1 |       |       |       |       ||     1
  Use: Potion            |     3 |     3 |     1 |       |       ||     7
       Scroll            |       |     5 |     4 |    18 |     3 ||    30
 Stab: Confused          |       |       |       |     2 |       ||     2
  Eat: Chunk             |       |     4 |    10 |    17 |     1 ||    32
       Ration            |       |     1 |       |     1 |     1 ||     3
Armor: Scale mail        |    29 |       |       |       |       ||    29
       Chain mail        |       |    60 |   108 |       |       ||   168
       Skin              |       |     6 |       |       |       ||     6
       Plate armour      |       |       |   100 |   197 |    70 ||   367
Dodge: Dodged            |    28 |    28 |    94 |   130 |    46 ||   326
Block: Shield            |    37 |    43 |   220 |   300 |   124 ||   724
       Reflection        |       |       |       |       |     4 ||     4

Table legend:
 A = Non-vault XP
 B = Vault XP
 C = Vault XP percentage of total XP
 D = Non-vault monster count
 E = Vault monster count
 F = Vault count percentage of total count
                 A         B        C        D         E       F
            +---------+---------+-------+---------+---------+-------
      Total |   37046 |   13687 |  27.0 |     348 |      73 |  17.3
            +---------+---------+-------+---------+---------+-------
        D:1 |      50 |       0 |   0.0 |      28 |       0 |   0.0
        D:2 |      47 |     222 |  82.5 |      17 |       2 |  10.5
        D:3 |      83 |     103 |  55.4 |      17 |       9 |  34.6
        D:4 |     420 |     692 |  62.2 |      11 |       3 |  21.4
        D:5 |     773 |       0 |   0.0 |      31 |       0 |   0.0
        D:6 |     810 |       0 |   0.0 |      25 |       0 |   0.0
        D:7 |    2053 |       0 |   0.0 |      31 |       0 |   0.0
        D:8 |     677 |     426 |  38.6 |      11 |       1 |   8.3
        D:9 |    1749 |     565 |  24.4 |      22 |      17 |  43.6
       D:10 |    2239 |       0 |   0.0 |      17 |       0 |   0.0
       D:11 |    3337 |    3285 |  49.6 |      24 |      26 |  52.0
       D:12 |    4257 |     868 |  16.9 |      25 |       1 |   3.8
     Lair:1 |    3607 |     350 |   8.8 |      16 |       1 |   5.9
     Lair:2 |    3482 |    5148 |  59.7 |      16 |       7 |  30.4
     Lair:3 |    8312 |     335 |   3.9 |      44 |       3 |   6.4
     Lair:4 |    5150 |       0 |   0.0 |      13 |       0 |   0.0
        Lab |       0 |    1693 | 100.0 |       0 |       3 | 100.0
            +---------+---------+-------+---------+---------+-------
